[Event "FRA-ch Teams Top 16-B 2022"]
[Site "Chartres"]
[Date "2022.06.15"]
[Round "7.30"]
[White "Thomas, Anysia"]
[Black "Delorme, Axel"]
[Result "0-1"]
[ECO "D11"]
[WhiteElo "2137"]
[BlackElo "2461"]
[Annotator "TA"]
[PlyCount "94"]
[EventDate "2022.06.09"]
[EventType "team-tourn"]
[EventCountry "FRA"]
[SourceTitle "playchess.com"]
[Source "ChessBase"]
[SourceQuality "1"]
[TimeControl "40/5400+30:1800+30"]

1. d4 d5 2. c4 c6 3. Nf3 Nf6 4. e3 Bg4 5. Qb3 Qb6 6. Nc3 e6 7. Nh4 {[%emt 0:05:16] D11: Slav Defence: 3 Nf3 sidelines and 3...Nf6 4 e3 Bg4.} Bh5 8. h3 g5 9. Nf3 {[%emt 0:00:40] White has an edge.} h6 10. Ne5 Nfd7 11. Qxb6 (11. cxd5 {is more complex.} Qxb3 12. axb3 exd5 13. h4) 11... axb6 12. Nxd7 Nxd7 13. cxd5 exd5 14. Bd3 Rg8 15. Bd2 b5 {[%emt 0:06:00][%cal Bb6b5,Bb5b4][%mdl 32] [#]} 16. f3 $146 ({Predecessor:} 16. O-O Bg6 17. Bxg6 Rxg6 18. Ne2 Bd6 19. Nc1 Ke7 20. Nd3 f5 21. Bb4 Bxb4 22. Nxb4 {0-1 (52) Andersen,M (2410)-Sandipan,C (2641) Caleta 2011}) 16... Bg6 17. e4 (17. Bxg6 $11 fxg6 18. e4) 17... b4 18. Ne2 Nf6 19. Ng3 Bd6 20. Kf2 {[%emt 0:08:26] Black converts the advantage convincingly.} (20. Nf5 $15 Bxf5 21. exf5) 20... Bxg3+ $17 21. Kxg3 dxe4 22. fxe4 {[%emt 0:16:10] [#]} (22. Be2 $17) 22... O-O-O $1 $19 ({And not} 22... Nxe4+ 23. Bxe4 Bxe4 24. Bxb4 $17) 23. d5 (23. Rad1 {was necessary.}) 23... Bxe4 24. Be2 Nxd5 25. Rac1 f5 26. Rhe1 Rge8 27. a4 f4+ 28. Kh2 Kb8 29. Bh5 $2 (29. Kg1) 29... Nf6 30. Bxf4+ gxf4 31. Bxe8 Rxe8 32. Rc4 b3 33. Rb4 Rd8 34. Re2 {[%emt 0:01:11] Inhibits Rd2.} Rd3 35. Rf2 Ka7 36. Rxf4 {[%emt 0:00:39] [#]} Rd2 $1 37. Rxf6 (37. Rfxe4 Nxe4) 37... Rxg2+ {[%emt 0:00:26][%mdl 4096] Endgame KRR-KRB} 38. Kh1 Bd5 {[%emt 0:00:18] Hoping for ...Rg4+.} 39. Rf5 {[%emt 0:00:47][%cal Of5d5] aiming for Rxd5!} Rg4+ 40. Rxd5 Rxb4 {[%emt 0:00:09] KR-KR} 41. Rd3 c5 42. a5 c4 43. Rd4 Ka6 {[%emt 0:00:17] White must now prevent ...Ra4.} 44. Rd6+ Kxa5 {[%emt 0:00:08][%cal Oc4c3] ( -> ...c3!)} 45. Rxh6 Rb6 {[%emt 0:00:30] Black mates.} 46. Rh5+ Rb5 47. Rh8 c3 {[%emt 0:00:47] Weighted Error Value: White=0.82/Black=0.17 (very precise)} 0-1

[Event "FRA-ch Teams Top 16-B 2022"]
[Site "Chartres"]
[Date "2022.06.15"]
[Round "7.31"]
[White "Hamdouchi, Hicham"]
[Black "Adrian, Claude"]
[Result "1-0"]
[ECO "C02"]
[WhiteElo "2536"]
[BlackElo "2175"]
[Annotator "TA"]
[PlyCount "59"]
[EventDate "2022.06.09"]
[EventType "team-tourn"]
[EventCountry "FRA"]
[SourceTitle "playchess.com"]
[Source "ChessBase"]
[SourceQuality "1"]
[TimeControl "40/5400+30:1800+30"]

1. e4 e6 2. d4 d5 3. e5 c5 4. c3 Qb6 5. Nf3 Nc6 6. Be2 cxd4 7. cxd4 Nh6 8. Bxh6 $1 {[%emt 0:10:06][%mdl 4] aiming for Bc1. is recently more successful than 8.Nc3.} Qxb2 {[%emt 0:00:39] C02: French: Advance Variation.} 9. Nbd2 {[%emt 0:00:44] And now Be3 would win.} gxh6 10. O-O Qb6 ({Better is} 10... Nxd4 $15 11. Rb1 (11. Qa4+ Nc6 $17) 11... Nxe2+ 12. Qxe2 Qa3) 11. Rb1 Qd8 12. Qc2 {[%emt 0:05:53] [#]} Bg7 $146 ({Predecessor:} 12... Be7 13. Bd3 Kf8 14. Bb5 Bd7 15. Bxc6 Bxc6 16. Ne1 Rc8 17. Qd3 a6 18. Qh3 Bb5 19. Rxb5 axb5 20. Qxh6+ {0-1 (59) Gomes,V-Quang,D Odessa 1990}) 13. Bd3 Bd7 ({Black should try} 13... Rb8 $14) 14. Rxb7 $16 Na5 15. Rc7 {[%emt 0:08:11] Threatens to win with Qc5. White is much more active. The black rooks are badly placed.} O-O (15... Rc8 $16 16. Rxc8 Qxc8) 16. Qc5 $36 {[%emt 0:03:10][%mdl 2048] Black is under strong pressure.} Nc4 17. Bxc4 (17. Nxc4 dxc4 18. Bxc4 (18. Qxc4 Bb5 $11) 18... Rc8 19. Rxc8 Qxc8 $16) 17... dxc4 18. Rb1 ({Worse is} 18. Qxc4 {[#]} Bb5 $1 19. Qxb5 Qxc7 $15) (18. Nxc4 Rc8 19. Rxc8 Qxc8 $16) 18... a6 19. Nxc4 {[%emt 0:01:38] Rbb7 is the strong threat.} Rc8 20. Rbb7 Rxc7 21. Rxc7 {[%emt 0:00:51] Black must now prevent Nb6.} ({But not} 21. Qxc7 Qxc7 22. Rxc7 Rc8 23. Rxc8+ (23. Rxd7 Rxc4 24. Kf1 Rc1+ 25. Ke2 Rc2+ 26. Ke3 Rxa2 $14) 23... Bxc8 $16) 21... Bb5 $2 (21... Qb8 22. Nb6 Rd8) 22. Nd6 Be2 23. Nd2 Qg5 $2 (23... Bd3 {was worth a try.} 24. Nxf7 Qh4) 24. N2e4 {[%emt 0:04:45] Pair of Knights!} Qg6 25. Qc3 {[%emt 0:05:40] Inhibits Bf3.} h5 26. h3 h4 27. Rc8 {[%emt 0:01:33] Dancing on a razor blade.} h5 $2 (27... Rxc8 28. Qxc8+ Bf8 29. Nf6+ Kg7 30. Nxf7 Qxf7) 28. a4 {[%emt 0:03:52] White is clearly winning.} Rxc8 29. Qxc8+ Kh7 {[%emt 0:00:43] [#]} (29... Bf8 $142 30. Nf6+ Kg7 31. Nxf7 Qxf7) 30. Nxf7 $1 {[%emt 0:00:18][%mdl 512] Black got outplayed after the opening.  Weighted Error Value: White=0.34/Black=0.65} 1-0

[Event "FRA-ch Teams Top 16-B 2022"]
[Site "Chartres"]
[Date "2022.06.15"]
[Round "7.32"]
[White "Pourquet, Matthieu"]
[Black "Benmesbah, Natacha"]
[Result "0-1"]
[ECO "A70"]
[WhiteElo "2178"]
[BlackElo "2251"]
[Annotator "TA"]
[PlyCount "124"]
[EventDate "2022.06.09"]
[EventType "team-tourn"]
[EventCountry "FRA"]
[SourceTitle "playchess.com"]
[Source "ChessBase"]
[SourceQuality "1"]
[TimeControl "40/5400+30:1800+30"]

1. d4 Nf6 2. c4 g6 3. Nc3 Bg7 4. e4 d6 5. Nf3 O-O 6. h3 c5 7. d5 e6 8. Be3 exd5 9. cxd5 Nbd7 10. Bd3 Re8 11. O-O a6 12. a4 Rb8 13. Nd2 {[%emt 0:10:08] A70: Modern Benoni: 6 e4 g6 7 Nf3.} Nh5 14. Be2 {[%emt 0:03:33] [#]} Qh4 $146 ({Predecessor:} 14... Nhf6 15. a5 b5 16. axb6 Qxb6 17. Nc4 Qc7 18. Qc2 Ne5 19. Nxe5 Rxe5 20. Bxa6 Re8 21. Bxc8 Qxc8 {0-1 (49) Barseghyan,A (2358)-Borisova,E (2256) Cheliabinsk 2021}) 15. Nf3 (15. Nc4 $16) 15... Qe7 $14 16. Nd2 (16. Re1 $16) 16... Bxc3 (16... Qh4 $1 $11) 17. bxc3 $16 Nhf6 18. Bf3 b5 19. axb5 axb5 20. Bf4 Ne5 21. Bg5 Kg7 22. Be2 h6 23. Bh4 {[%emt 0:00:04] This bishop pair is nice.} g5 24. Bg3 Ng6 25. Re1 Nd7 (25... Bd7 $14) 26. Ra7 (26. Ra5 $16) 26... Qf6 $1 $14 27. Qa1 $36 {[%emt 0:11:34][%mdl 2048] Black is under pressure.} Nf4 $1 28. Bf1 (28. Qa5 $14) 28... Ne5 $11 29. Rb1 Bd7 30. Qa5 c4 31. Ra6 Red8 32. f3 g4 $2 (32... Nh5 $11 33. Bh2 Nf4) 33. hxg4 h5 34. Qc7 Be8 {[%emt 0:01:41] [#]} (34... Ra8 $16 {is a better defense.} 35. Rba1 (35. Rxd6 Qg5 $16) 35... Rxa6 36. Rxa6 Bc8) 35. gxh5 $2 (35. Rxd6 $1 $18 Rxd6 36. Qxb8) 35... Qg5 36. h6+ (36. Rxd6 $2 Qxg3 37. Rxd8 Ned3 38. Qxf4 (38. Rxb8 $2 Nh3+ 39. Kh1 Ndf2#) 38... Qxf4 39. Rxb8 Qxb8 $19) (36. Bxf4 $11 Qxf4 37. Rd1 (37. Rxd6 $2 Rxd6 38. Qxb8 Rh6 $19) (37. Nxc4 Rbc8 $17)) 36... Qxh6 (36... Kh7 $1 $15 37. Be1 (37. Rxd6 $2 Qxg3 38. Rxd8 Ned3 $19) 37... Ned3) 37. Qe7 (37. Rxd6 $11 Qg5 38. Bh2 (38. Rxd8 Rxd8 39. Bxf4 Qxf4 $11)) 37... Nfg6 $1 $17 {[%emt 0:01:01][%csl LRd2,LRe7] White is on the road to losing.} 38. Bxe5+ $2 (38. Rxd6 $17 Qe3+ 39. Bf2 Qxf2+ 40. Kxf2 Nxe7 41. Rxd8 Rxd8 42. Ra1) 38... Nxe5 $19 {[%emt 0:00:40] The board is on fire.} 39. Qxe5+ dxe5 40. Rxh6 Kxh6 41. Kf2 {[%emt 0:13:27] [#]} Ra8 $1 42. Be2 Ra2 43. Rh1+ Kg7 44. Nf1 Bd7 {[%emt 0:04:57] ...Rc2 is the strong threat.} 45. Ng3 Rc2 {[%emt 0:01:34] Strongly threatening ...Ra8.} 46. Ra1 (46. f4 {was the only chance.}) 46... Rxc3 47. Nh5+ Kg6 48. f4 exf4 49. Ra6+ Kg5 {[%emt 0:00:06] White must now prevent ...Rc2.} 50. Nf6 {[%emt 0:08:54] [#] Nh7+ would kill now.} Be6 $1 51. Nh5 (51. Nh7+ Kg6) 51... Bc8 52. Rb6 Rc2 {[%emt 0:01:18] aiming for ...Bg4.} 53. Nf6 {[%emt 0:00:00] [#] Prevents Bg4.} Be6 $1 54. e5 (54. Nh7+ Kg6) 54... Bxd5 55. Rxb5 {[%emt 0:00:20] [#]} Bxg2 $1 {[%emt 0:01:28] ( -> ...f3)} 56. Nd7 (56. Rc5 f3) 56... Bc6 {[%emt 0:01:01] Black mates.} 57. Rc5 Bxd7 58. e6+ Kf6 59. exd7 Rxd7 60. Rxc4 Rdd2 61. Rxc2 Rxc2 62. Kf3 {[%emt 0:00:07] [#]} Rxe2 $1 {[%emt 0:00:06] Weighted Error Value: White=0.90/Black=0.28 (precise)} 0-1